 Dungeon Crawl Stone Soup version 0.24-a0-584-g9d6b971ae4 (webtiles) character file.

Game seed: 2951987279205761626, levelgen mode: deterministic

42 Mithandil the Skirmisher (level 3, -1/29 HPs)
             Began as a Demonspawn Abyssal Knight on Sept 4, 2019.
             Was a Follower of Lugonu.
             Slain by a hornet (13 damage)
             ... on level 3 of the Dungeon.
             The game lasted 00:07:23 (1126 turns).

Mithandil the Skirmisher (DsAK)                     Turns: 1126, Time: 00:07:24

Health: -1/29      AC:  6    Str: 16    XL:     3   Next: 33%
Magic:  5/5        EV: 10    Int: 13    God:    Lugonu [*.....]
Gold:   100        SH:  3    Dex: 12    Spells: 2/2 levels left

rFire    . . .     SeeInvis .   a - +1 falchion
rCold    . . .     Gourm    .   l - +0 buckler
rNeg     . . .     Faith    .   j - +0 ring mail
rPois    .         Spirit   .   (no helmet)
rElec    .         Reflect  .   (no cloak)
rCorr    .         Harm     .   i - +0 pair of gloves (curse)
MR       .....                  (no boots)
Stlth    +.........             (no amulet)
HPRegen  0.09/turn              n - +3 ring of strength
MPRegen  0.09/turn              (no ring)

@: lethally poisoned (-1 -> -9), slowed, very slow
A: foul stench 1, rot immunity
a: Depart the Abyss, Renounce Religion


You were on level 3 of the Dungeon.
You worshipped Lugonu.
Lugonu was aware of your devotion.
You were not hungry.

You visited 1 branch of the dungeon, and saw 3 of its levels.
You visited the Abyss 1 time.

You collected 100 gold pieces.

Inventory:

Hand Weapons
 a - a +1 falchion (weapon)
 b - a +0 dagger
Missiles
 g - 6 bolts
 k - 15 sling bullets
 m - 88 stones (quivered)
 o - 6 javelins
Armour
 i - a cursed +0 pair of gloves (worn)
 j - a +0 ring mail (worn)
 l - a +0 buckler (worn)
Jewellery
 n - a +3 ring of strength (left hand)
Scrolls
 d - a scroll of identify
 e - 2 scrolls of teleportation
Potions
 h - a potion of agility
Comestibles
 c - 4 rations
 f - 3 chunks of flesh


   Skills:
 + Level 3.1 Fighting
 - Level 0.3(1.3) Short Blades
 * Level 2.1(2.2) Long Blades
 + Level 2.0 Armour
 + Level 1.1 Dodging
 + Level 0.6 Stealth
 * Level 0.7 Shields
 + Level 0.6 Unarmed Combat
 + Level 2.7 Invocations


You had 2 spell levels left.
You didn't know any spells.
Your spell library was empty.

Dungeon Overview and Level Annotations

Branches:
Dungeon (3/15)

Altars:
Ashenzari


Innate Abilities, Weirdness & Mutations

You may emit foul miasma when damaged in melee.
You are immune to rotting.


Message History

A kobold comes into view. It is wielding a +0 whip.
The kobold shouts!
A hornet comes into view.
The hornet buzzes angrily.
Found 20 gold pieces.
The kobold hits you with a +0 whip.
You hit the kobold but do no damage. The hornet stings you!
You are poisoned.
You feel yourself slow down. The kobold hits you but does no damage.
The kobold looks sick.
The hornet barely misses you.
You riposte.
You hit the hornet but do no damage. You hit the kobold.
The kobold is severely wounded.
You feel sick. The hornet barely misses you.
You riposte.
You hit the hornet.
The hornet is lightly wounded.
The kobold barely misses you.
You riposte.
You hit the kobold.
You kill the kobold!
Lugonu accepts your kill. The hornet misses you. The hornet stings you!
You die...

..########
..........
.........##
#.........
#$.......#
#........#
#....)y.#
#.....@.#
#.......########
#..............#
#.......######.#
######### #...#
#.### #.# #. #.#
#. #.#


You could see a hornet.

Vanquished Creatures
  An adder (D:3)
  A dart slug (D:1)
  2 giant cockroaches
  A goblin (D:3)
  5 hobgoblins (D:1)
  3 jackals (D:3)
  6 kobolds
  3 bats
  2 frilled lizards (D:1)
  3 rats (D:1)
27 creatures vanquished.

Notes
Turn   | Place    | Note
-------+----------+-------------------------------------------
     0 | Abyss:1  | Mithandil the Demonspawn Abyssal Knight began the quest for
                  | the Orb.
     0 | Abyss:1  | Reached XP level 1. HP: 18/18 MP: 2/2
    60 | Abyss:1  | Noticed a raiju
    61 | D:1      | Escaped the Abyss
   213 | D:1      | Reached * piety under Lugonu
   216 | D:1      | Reached skill level 1 in Dodging
   362 | D:1      | Found a shattered altar of Ashenzari.
   438 | D:1      | Gained mutation: You are immune to rotting. [demonic
                  | ancestry]
   438 | D:1      | Reached XP level 2. HP: 20/24 MP: 3/3
  1018 | D:3      | Gained mutation: You may emit foul miasma when damaged in
                  | melee. [demonic ancestry]
  1018 | D:3      | Reached XP level 3. HP: 29/29 MP: 3/5
  1123 | D:3      | Noticed a hornet
  1126 | D:3      | Slain by a hornet

Levels and vault maps discovered:
D:1:      giann_bridges, layout_loops_ring, ashenzari_altar_1
D:2:      layout_loops_ring, uniq_sigmund
D:3:      layout_basic, fiery_altar_vehumet, gup_sewer_entry_glass

Skill      XL: |  1  2  3 |
---------------+----------+-----
Dodging        | 1 |  1.1
Long Blades    | 2 |  2.1
Armour         | 2 |  2.0
Fighting       | |  3.1
Short Blades   | |  0.3
Stealth        | |  0.6
Shields        | |  0.7
Unarmed Combat | |  0.6
Invocations    | |  2.7

Action                   || total
-------------------------++-------
Melee: Falchion          ||    59
Invok: Depart the Abyss  ||     1
  Use: Scroll            ||     4
       Potion            ||     2
 Stab: Sleeping          ||     3
  Eat: Chunk             ||     1
Armor: Leather armour    ||     2
       Ring mail         ||    21
Dodge: Dodged            ||    39
Block: Buckler           ||     6
       Rpst.: Falchion   ||    19

Table legend:
 A = Non-vault XP
 B = Vault XP
 C = Vault XP percentage of total XP
 D = Non-vault monster count
 E = Vault monster count
 F = Vault count percentage of total count
                 A         B        C        D         E       F
            +---------+---------+-------+---------+---------+-------
      Total |      60 |       0 |   0.0 |      27 |       0 |   0.0
            +---------+---------+-------+---------+---------+-------
        D:1 |      24 |       0 |   0.0 |      14 |       0 |   0.0
        D:2 |       7 |       0 |   0.0 |       4 |       0 |   0.0
        D:3 |      29 |       0 |   0.0 |       9 |       0 |   0.0
            +---------+---------+-------+---------+---------+-------
